 Dungeon Crawl Stone Soup version 0.19-a0-975-gfff5315 (webtiles) character file.

235 4thArraOfDagon the Skirmisher (level 5, -3/50 HPs)
             Began as a Minotaur Assassin on July 13, 2016.
             Slain by an orc (4 damage)
             ... on level 4 of the Dungeon.
             The game lasted 00:02:58 (396 turns).

4thArraOfDagon the Skirmisher (Minotaur Assassin)    Turns: 396, Time: 00:02:59

Health: -3/50      AC: 10    Str: 15    XL:     5   Next: 76%
Magic:  4/4        EV:  7    Int:  9    God:
Gold:   18         SH:  0    Dex: 12    Spells: 0 memorised, 4 levels left

rFire  . . .     SeeInvis .     i - +0 whip (venom)
rCold  . . .     Gourm    .     l - +0 chain mail
rNeg   . . .     Faith    .     (no shield)
rPois  .         Spirit   .     (helmet restricted)
rElec  .         Dismiss  .     d - +0 cloak
rCorr  .         Reflect  .     (no gloves)
SustAt .         Harm     .     (no boots)
MR     .....                    (no amulet)
Stlth  ..........               (no ring)
                                (no ring)

@: not resistant to hostile enchantments, extremely unstealthy
A: retaliatory headbutt, horns 2
a: no special abilities


You were on level 4 of the Dungeon.
You were not hungry.

You visited 1 branch of the dungeon, and saw 4 of its levels.

You collected 18 gold pieces.

Inventory:

Hand Weapons
 a - a +2 dagger
 b - a +0 blowgun
 i - a +0 whip of venom (weapon)
Missiles
 e - 8 poisoned needles
Armour
 c - a +0 robe
 d - a +0 cloak (worn)
 l - a +0 chain mail (worn)
Wands
 h - a wand of hasting (3/9)
 o - a wand of flame (6/48)
Scrolls
 j - 3 scrolls of remove curse
 k - a scroll of teleportation {unknown}
Comestibles
 g - 3 bread rations
 n - 5 fruits
 q - 2 meat rations


   Skills:
 + Level 6.3 Fighting
 - Level 2.1 Short Blades
 - Level 2.0 Throwing
 + Level 3.4 Armour
 - Level 1.1 Dodging
 - Level 3.2 Stealth


You had 4 spell levels left.
You didn't know any spells.

Dungeon Overview and Level Annotations

Branches:
Dungeon (4/15)
 Temple: D:4-7

Altars:

Annotations:
D:3 Yermak's ghost, amateur SpGl


Innate Abilities, Weirdness & Mutations

You reflexively headbutt those who attack you in melee.
You have a pair of horns on your head.


Message History

Unknown command.
You hit the orc priest but do no damage.
The orc priest looks even sicker.
The orc priest is severely wounded.
The orc closely misses you. The orc hits you but does no damage.
The orc priest hits you with a flail.
* * * LOW HITPOINT WARNING * * *
An orc comes into view. It is wielding a club.
Unknown command.
Unknown command.
Unknown command.
Unknown command.
Unknown command.
Unknown command.
Unknown command.
Found 27 arrows.
Unknown command.
Unknown command.
The orc hits you.
You die...

**,,* *...* *#.....#* *,,*
*#..#* ##.....# **,*
#...### #......# ##
*,**##.....####......####.
*,.##.....................
**........................
*.................####...
**,**#....oo......## ##..
*,** ##..@#..oo..## #..
**** #..####...## #..
*,*** #..* ###.# *#..
**,,,***#.#* ####.# *..#
*,,,,,,,...###....## **,,*
**,,,,,............#
**,,** ***,,..(,.........#
*,,,*
**....,........o#***,,**
**,,,*####.....o.....#


You could see 2 orcs.

Vanquished Creatures
  Sigmund (D:4)
  An orc priest (D:3)
  2 adders (D:4)
  A giant gecko (D:3)
  4 orcs (D:3)
  A ball python (D:3)
  A bat (D:3)
  A giant cockroach (D:3)
  3 goblins
  2 quokkas
  2 giant newts (D:3)
  3 kobolds
22 creatures vanquished.

Notes
Turn   | Place    | Note
-------+----------+-------------------------------------------
     0 | D:1      | 4thArraOfDagon the Minotaur Assassin began the quest for the Orb.
     0 | D:1      | Reached XP level 1. HP: 18/18 MP: 0/0
    80 | D:3      | Reached skill level 3 in Fighting
    84 | D:3      | Reached XP level 2. HP: 20/26 MP: 1/1
   123 | D:3      | Reached skill level 4 in Fighting
   123 | D:3      | Reached XP level 3. HP: 29/34 MP: 2/2
   240 | D:3      | Noticed Yermak's ghost (amateur SpGl)
   265 | D:4      | Reached skill level 5 in Fighting
   292 | D:4      | Noticed Sigmund
   303 | D:4      | Reached XP level 4. HP: 31/42 MP: 3/3
   318 | D:4      | Killed Sigmund
   318 | D:4      | Reached skill level 6 in Fighting
   318 | D:4      | Reached XP level 5. HP: 7/50 MP: 4/4
   392 | D:4      | HP: 1/50 [orc priest/flail (6)]
   396 | D:4      | Slain by an orc

Vault maps used:
D:1:      dpeg_arrival_rooms_c
D:2:      gammafunk_pakellas_statue_experiment, eino_tiny_chamber
D:3:      first_bread
D:4:      gup_ossuary_entry_pyramid, tso_metal_star, uniq_pikel, uniq_sigmund

Skill      XL: |  1  2  3  4 |
---------------+-------------+-----
Fighting       | 3 4 5 6 |  6.3
Armour         | 3 |  3.4
Short Blades   | |  2.1
Throwing       | |  2.0
Dodging        | |  1.1
Stealth        | |  3.2

Action                   |  1- 3 |  4- 6 || total
-------------------------+-------+-------++-------
Melee: Whip              |    41 |    18 ||    59
       Headbutt          |     8 |     2 ||    10
 Fire: Blowgun           |     3 |     2 ||     5
  Use: Scroll            |     3 |       ||     3
       Potion            |       |     3 ||     3
 Stab: Sleeping          |     2 |       ||     2
Armor: Robe              |     2 |       ||     2
       Chain mail        |    18 |    13 ||    31
Dodge: Dodged            |    30 |     2 ||    32
